Map: Prion Terraces

Players

Brimstone

  • Race: Zerg Zerg
  • League: Silver

LilDicky - Winner!

  • Race: Terran Terran
  • League: Diamond

VOD

http://www.twitch.tv/tumescentpie

Description

Time

  • Played on: Dec. 1, 2015, 12:45 p.m.
  • Length: 27:02
Show
View Real Time Build Order
Export as new Build Order

Brimstone Zerg 

Build Orders: Hatch First 

Get SALT Encoding   

  12  0:00  Drone  
  13  0:08  Drone  
  14  0:17  Overlord  
  14  0:22  Extractor  
  14  0:23  Drone  
  15  0:35  Drone  
  16  0:50  Hatchery  
  16  0:52  Drone  
  16  1:07  Spawning Pool  
  16  1:10  Extractor  
  16  1:11  Drone  
  15  1:16  Drone  
  16  1:19  Drone  
  16  1:22  Drone  
  18  1:32  Drone  
  19  1:43  Overlord  
  19  1:53  Queen  
  21  1:59  Zergling x2  
  22  2:01  Queen  
  22  2:03  Drone  
  22  2:05  Drone  
  26  2:10  Metabolic Boost  
  26  2:13  Drone  
  27  2:18  Drone  
  28  2:23  Drone  
  28  2:27  Drone  
  30  2:43  Drone x2  
  32  2:55  Drone x2  
  34  3:05  Overlord x2  
  33  3:06  Zergling x2  
  33  3:07  Zergling x4  
  33  3:11  Overlord  
  36  3:25  Drone  
  36  3:26  Drone, Roach Warren  
  37  3:27  Drone x2  
  37  3:28  Drone  
  40  3:43  Lair  
  40  3:44  Drone  
  40  3:45  Drone x3  
  40  3:47  Extractor  
  40  3:48  Extractor  
  42  3:52  Overlord  
  42  3:53  Drone x2  
  44  3:56  Drone  
  45  4:13  Drone x4  
  49  4:19  Overlord x2  
  48  4:47  Extractor  
  48  4:58  Roach  
  48  4:59  Hatchery, Roach x8  
  65  5:01  Spore Crawler  
  65  5:03  Spore Crawler  
  65  5:04  Drone  
  65  5:05  Glial Reconstitution  
  64  5:50  Roach  
  64  5:51  Roach x8  
  64  5:52  Ravager  
  64  5:54  Overlord  
  83  5:59  Overlord x2  
  83  6:02  Overlord  
  83  6:19  Roach  
  83  6:20  Roach x6  
  96  6:41  Ravager  
  96  6:42  Ravager x6  
  92  7:20  Ravager x2  
  94  7:24  Drone  
  94  7:25  Drone x10, Queen  
  94  7:29  Evolution Chamber  
  106  7:30  Extractor  
  106  7:31  Evolution Chamber  
  104  7:37  Overseer  
  104  7:50  Roach x6  
  113  7:57  Zerg Missile Weapons Level 1, Zerg Ground Armor Level 1  
  113  8:01  Extractor x2  
  113  8:05  Roach  
  113  8:11  Spire  
  113  8:12  Hatchery  
  111  8:17  Drone x2  
  111  8:18  Overlord  
  111  8:19  Overlord x4  
  113  8:41  Ravager x4  
  93  9:31  Roach  
  93  9:32  Roach x12  
  117  9:45  Mutalisk x3  
  109  9:48  Queen  
  109  9:51  Drone x2  
  109  9:52  Drone x2  
  111  10:05  Mutalisk x5  
  121  10:29  Drone x4  
  121  10:30  Drone x6  
  121  10:33  Zerg Flyer Weapons Level 1  
  121  10:35  Ravager x5  
  108  11:23  Mutalisk  
  108  11:24  Mutalisk x7  
  121  11:32  Overlord, Extractor  
  120  11:33  Extractor  
  120  11:35  Zerg Missile Weapons Level 2  
  94  12:20  Drone x3  
  94  12:21  Drone x3  
  94  12:22  Drone x3  
  103  12:25  Roach x14  
  103  12:26  Roach x14  
  103  12:27  Overlord x3  
  103  12:28  Zerg Flyer Weapons Level 2  
  159  12:46  Infestation Pit  
  158  12:57  Hatchery  
  153  13:14  Ravager x4  
  153  13:15  Ravager x2  
  133  13:44  Ravager x4  
  94  14:23  Mutalisk x13  
  94  14:24  Mutalisk  
  94  14:27  Drone  
  94  14:28  Drone x8  
  117  14:40  Hive  
  117  14:49  Extractor  
  117  14:50  Extractor  
  115  14:56  Hatchery  
  115  14:57  Zerg Ground Armor Level 2  
  114  15:03  Overlord x5  
  114  15:04  Overlord  
  114  15:05  Overlord, Corruptor x3  
  114  15:06  Corruptor  
  120  15:23  Corruptor  
  120  15:24  Corruptor x2  
  126  15:35  Roach  
  126  15:37  Roach  
  126  15:38  Roach x9  
  124  15:55  Overlord x7  
  102  16:04  Overseer  
  97  16:18  Hatchery, Corruptor x2  
  89  16:19  Corruptor x2  
  89  16:20  Roach  
  90  16:26  Queen  
  92  16:45  Greater Spire  
  91  16:53  Hatchery  
  88  16:58  Roach x11  
  97  17:14  Overlord x2  
  97  17:21  Roach  
  97  17:22  Roach x3  
  96  17:27  Zergling x2  
  96  17:28  Zergling x6  
  100  17:36  Roach  
  100  17:37  Roach, Queen  
  100  17:38  Queen  
  105  17:44  Drone x3  
  105  17:46  Extractor  
  105  17:47  Extractor  
  105  18:01  Drone x3  
  105  18:02  Drone x3  
  105  18:03  Drone  
  105  18:04  Drone x2  
  114  18:09  Drone x3  
  114  18:10  Drone x3  
  120  18:22  Brood Lord  
  122  18:28  Burrow  
  122  18:31  Baneling Nest  
  122  18:34  Roach  
  122  18:36  Overlord x4  
  122  18:37  Overlord  
  114  18:42  Zergling x2  
  114  18:43  Zergling x22  
  108  18:50  Roach  
  102  18:57  Roach  
  102  18:58  Roach x12  
  120  19:10  Spore Crawler  
  115  19:26  Roach  
  115  19:30  Baneling x11  
  115  19:31  Roach, Baneling x8  
  91  20:17  Zergling x2  
  91  20:18  Zergling x28  
  106  20:21  Zerg Melee Weapons Level 1  
  106  20:25  Overlord  
  106  20:26  Overlord x5  
  106  20:36  Spore Crawler  
  70  20:59  Hatchery  
  70  21:00  Zergling x10  
  70  21:01  Zergling x10  
  44  21:20  Baneling  
  44  21:21  Baneling x8  
  44  21:22  Baneling x11  
  33  21:26  Corruptor, Zergling x2  
  33  21:27  Corruptor  
  15  22:13  Zergling x30  
  23  23:25  Baneling Nest  
  21  24:15  Baneling  
  21  24:16  Baneling x8  
Show
View Real Time Build Order
Export as new Build Order

LilDicky Terran - Winner!

Build Orders: Reaper Expand 

Get SALT Encoding   

  12  0:01  SCV  
  13  0:14  SCV  
  14  0:20  Supply Depot  
  14  0:33  SCV  
  15  0:37  Refinery  
  15  0:45  Barracks  
  15  0:49  SCV  
  17  1:05  SCV  
  17  1:17  SCV  
  18  1:32  Reaper  
  20  1:35  Supply Depot, Orbital Command  
  19  1:54  Command Center  
  19  2:01  SCV  
  20  2:04  Marine  
  21  2:13  SCV  
  22  2:16  Factory  
  22  2:25  SCV  
  23  2:34  Barracks Tech Lab  
  23  2:37  SCV  
  24  2:49  SCV  
  25  3:08  Orbital Command  
  25  3:12  Command Center  
  25  3:13  Siege Tank  
  25  3:14  Marine  
  25  3:16  SCV  
  25  3:17  Refinery  
  30  3:28  SCV  
  31  3:40  SCV, Marine  
  32  3:43  SCV  
  33  3:52  Starport  
  33  3:54  SCV  
  34  3:58  Marine  
  35  4:03  SCV  
  35  4:08  Siege Tank  
  39  4:10  SCV  
  39  4:14  Supply Depot  
  39  4:15  SCV  
  41  4:19  Marine  
  41  4:21  Liberator  
  42  4:28  Orbital Command  
  42  4:30  Bunker  
  42  4:31  Orbital Command  
  42  4:36  SCV  
  43  4:40  Engineering Bay  
  46  4:46  Engineering Bay  
  46  4:48  SCV  
  46  4:54  Command Center  
  46  4:55  SCV  
  47  5:04  Liberator  
  47  5:07  Supply Depot  
  47  5:18  SCV  
  48  5:24  SCV  
  48  5:27  Missile Turret  
  52  5:28  Barracks Reactor  
  52  5:30  SCV  
  52  5:33  Refinery x2  
  53  5:36  SCV  
  53  5:37  Supply Depot  
  55  5:42  SCV  
  55  5:49  Missile Turret  
  55  5:57  Supply Depot  
  55  6:00  SCV, Siege Tank  
  55  6:01  SCV  
  60  6:12  SCV, Bunker  
  60  6:14  SCV  
  60  6:15  Marine  
  60  6:16  Marine  
  62  6:53  Siege Tank  
  49  7:23  Marine x2  
  49  7:24  Starport Reactor  
  49  7:25  Siege Tank  
  49  7:28  SCV x2  
  56  7:30  Starport x3  
  56  7:31  Starport  
  55  7:40  SCV  
  56  7:54  Command Center, SCV x2  
  56  7:55  SCV  
  59  8:06  SCV x2, Liberator x2  
  59  8:07  SCV  
  62  8:18  SCV  
  63  8:20  Starport Tech Lab x3  
  69  8:30  Planetary Fortress  
  69  8:38  Supply Depot  
  69  8:42  Hellion  
  69  8:43  Banshee  
  69  8:45  Banshee  
  70  9:03  Hellion  
  67  9:16  Marine  
  68  9:21  Command Center, Starport Tech Lab  
  62  9:25  Siege Tank  
  60  9:34  Marine x2  
  60  9:35  Liberator x3  
  62  9:52  Banshee x2  
  77  10:02  Refinery  
  77  10:08  Planetary Fortress  
  77  10:14  Bunker  
  77  10:17  Liberator x2  
  75  10:22  SCV x2  
  75  10:24  Missile Turret  
  74  10:29  Marine  
  81  10:38  Missile Turret  
  81  10:39  Missile Turret  
  81  10:40  Missile Turret  
  81  10:42  Liberator x2  
  67  11:09  Liberator x2  
  64  11:12  Refinery  
  64  11:14  Command Center, Marine  
  64  11:15  Command Center  
  64  11:17  SCV  
  65  11:32  SCV x2  
  73  11:38  SCV  
  74  11:41  Liberator x3  
  74  11:44  SCV x2  
  76  11:47  Barracks  
  76  11:48  Barracks x2  
  76  11:49  Barracks  
  76  11:50  Barracks  
  76  11:51  Missile Turret x2, Barracks  
  76  11:52  Barracks  
  76  11:54  Missile Turret  
  76  11:55  Missile Turret x2  
  75  12:21  Missile Turret  
  75  12:36  Cloaking Field  
  75  12:40  Fusion Core  
  75  12:42  Marine x6  
  75  12:43  Marine x3  
  84  12:46  Orbital Command x2  
  84  12:49  Missile Turret  
  84  12:54  Missile Turret x2  
  84  12:57  Missile Turret  
  82  12:59  Marine  
  82  13:00  Marine x4  
  84  13:18  Banshee x3  
  93  13:34  Marine  
  93  13:35  Marine x8  
  102  13:52  Marine  
  102  13:53  Marine x8  
  111  14:00  Banshee  
  111  14:01  Banshee x2  
  103  14:10  Marine x2  
  103  14:11  Marine x3  
  103  14:16  Marine  
  103  14:17  Marine x3  
  105  14:19  SCV  
  106  14:28  Marine x2  
  106  14:29  Marine x3  
  106  14:30  Orbital Command  
  111  14:35  Barracks Tech Lab  
  111  14:43  Banshee  
  114  14:46  Marine x3  
  114  14:47  Medivac, Marine  
  120  15:04  Marine x3  
  120  15:05  Marine x2  
  125  15:08  Barracks Tech Lab  
  125  15:11  Refinery x2  
  125  15:15  Marine x3  
  128  15:22  Marine x2  
  107  16:02  Marine x3  
  98  16:04  Marine  
  98  16:05  Marine x5  
  97  16:14  Combat Shields  
  97  16:16  Stimpack  
  89  16:18  Banshee  
  89  16:19  Medivac x2  
  89  16:20  Marine x3, Medivac x2  
  89  16:22  Marine  
  89  16:23  Marine x4  
  99  16:26  Orbital Command  
  99  16:29  Marine  
  94  16:33  Orbital Command  
  94  16:37  Command Center  
  94  16:38  Marine x3  
  97  16:40  Marine x3  
  97  16:41  Marine x2  
  102  16:47  Marine  
  103  16:56  Marine x3  
  103  16:58  Marine x5  
  109  17:05  Marine  
  107  17:13  Marine  
  107  17:14  Marine x2  
  105  17:16  Marine x5  
  109  17:23  Marine  
  109  17:25  Orbital Command  
  100  17:31  Marine x3  
  100  17:33  Marine  
  100  17:34  Marine x4  
  96  17:40  Marine  
  96  17:42  Banshee  
  89  17:48  Siege Tank  
  89  17:49  Banshee x2, Medivac, Marine x3  
  89  17:50  Medivac  
  105  17:51  Marine  
  105  17:52  Marine x4  
  105  17:53  Planetary Fortress  
  105  17:55  Missile Turret  
  105  17:58  Missile Turret, Marine  
  110  17:59  Missile Turret  
  111  18:07  SCV, Marine x3  
  111  18:09  Marine x2  
  111  18:10  Marauder x2  
  111  18:12  Terran Infantry Weapons Level 1, Refinery  
  121  18:14  Refinery  
  121  18:15  Armory  
  121  18:17  Armory  
  121  18:19  Armory  
  121  18:20  Engineering Bay  
  121  18:24  Marine  
  121  18:25  Banshee, Fusion Core  
  121  18:26  Engineering Bay  
  125  18:32  Banshee x2, Marauder x2  
  132  18:44  Marine  
  132  18:46  Marine x4  
  132  18:47  Siege Tank  
  131  18:49  Medivac  
  131  18:53  Marauder x2  
  131  19:07  Marine x4  
  131  19:08  Banshee, Marine x3  
  133  19:14  Banshee, Marauder x2  
  133  19:15  Banshee  
  140  19:24  Marine x2  
  140  19:25  Marine x2  
  140  19:26  Marine x3  
  146  19:35  Marine  
  146  19:36  Marauder  
  149  19:42  Marine x3  
  149  19:43  Marine x2  
  149  19:44  Marine x2  
  141  19:51  Banshee  
  129  19:53  Marine  
  129  19:57  Banshee x2, Marine  
  133  20:00  Marine x3  
  133  20:01  Command Center, Marine x4  
  137  20:10  Command Center  
  137  20:11  Marine  
  138  20:14  Marine  
  138  20:18  Marine x3  
  138  20:19  Marine x4  
  146  20:24  Command Center  
  143  20:29  Marauder  
  143  20:32  Marine  
  145  20:35  Terran Infantry Weapons Level 2  
  145  20:36  Terran Infantry Armor Level 1, Marine  
  145  20:37  Terran Vehicle And Ship Armor Level 1, Terran Ship Weapons Level 1, Terran Vehicle Weapons Level 1  
  145  20:41  Marine x2  
  146  20:43  Supply Depot  
  146  20:44  Supply Depot  
  146  20:46  Marine x2  
  146  20:47  Marine x2  
  146  20:48  Banshee x2  
  146  20:49  Banshee  
  145  20:51  Marauder  
  145  20:53  Marine  
  146  21:04  Marine x5  
  146  21:05  Marine, Marauder  
  154  21:11  Marine  
  154  21:12  Marauder  
  151  21:22  Planetary Fortress, Marine x5  
  151  21:23  Marine  
  154  21:25  Marine  
  154  21:29  Marine  
  154  21:31  Command Center, Banshee  
  154  21:32  Banshee  
  162  21:33  Command Center, Marine  
  163  21:40  Marine x6  
  163  21:44  Marauder  
  171  21:47  Marine  
  171  21:51  Marine  
  173  21:57  Marine x2  
  175  22:05  Marine  
  176  22:09  Marauder  
  172  22:15  Marine  
  172  22:16  Marine x6  
  172  22:19  Banshee x3  
  172  22:22  Marine  
  185  22:29  Planetary Fortress  
  186  22:30  Marine  
  186  22:33  Marine  
  186  22:34  Marine  
  186  22:41  Marauder  
  188  22:48  Marauder, Orbital Command x2  
  186  23:00  Orbital Command  
  186  23:02  Banshee x2, Marauder  
  193  23:10  Orbital Command, Marauder  
  153  23:24  Marauder  
  154  23:31  Marauder  
  152  24:09  Command Center x2  
  150  24:19  Marine x9  
  158  24:27  Orbital Command  
  158  24:36  Marine  
  158  24:37  Marine x8  
  166  24:51  Command Center  
  166  24:54  Marine  
  166  24:55  Marine x2  
  166  24:56  Marauder x2  
  166  24:59  Marine x3  
  174  25:02  Medivac x5  
  153  25:55  Planetary Fortress  
  153  26:10  Refinery x2  
  153  26:15  Refinery x2  
  153  26:28  Refinery  
  153  26:35  Refinery  
Tags
 
Add a new tag
Caveats
  • Supply blocks, unpowered buildings, or Contaminate may cause inaccurate times.
  • Supply counts are checked every 10 seconds.